 Dungeon Crawl Stone Soup version 0.31-a0-1616-gbeaec30b81 (webtiles) character file.

Game seed: 516666697269328204

544 Drazool the Skirmisher (level 7, -2/51 HPs)
             Began as a Barachi Hunter on Jan 10, 2024.
             Was an Initiate of Fedhas.
             Slain by an ogre
             ... wielding a +0 giant club
              (17 damage)
             ... on level 5 of the Dungeon.
             The game lasted 00:12:10 (3810 turns).

Drazool the Skirmisher (Barachi Hunter)             Turns: 3810, Time: 00:12:11

Health: -2/51      AC:  7    Str: 12    XL:     7   Next: 27%
Magic:  7/7        EV: 11    Int:  9    God:    Fedhas [......]
Gold:   366        SH:  0    Dex: 18    Spells: 6/6 levels left

rFire   . . .        a - +0 shortbow
rCold   . . .        (shield currently unavailable)
rNeg    . . .        e - +0 ring mail
rPois   .            (no helmet)
rElec   .            h - +1 cloak
rCorr   .            (no gloves)
SInv    .            (no boots)
Will    .....        q - amulet of the acrobat
Stlth   +            L - ring of flight
HPRegen 0.28/turn    (no ring)
MPRegen 0.10/turn

%: acrobat
@: flying, slow
A: amphibious, slowness 1, strong legs 1, +LOS
a: Hop, Renounce Religion


You were on level 5 of the Dungeon.
You worshipped Fedhas.
Fedhas was noncommittal.
You visited 2 branches of the dungeon, and saw 6 of its levels.

You collected 366 gold pieces.


Innate Abilities, Weirdness & Mutations

You are amphibious.
You cover ground slowly.
You can hop short distances.
You have an extended range of vision and can be seen from far away.


   Skills:
 - Level 2.4 Fighting
 + Level 8.6 Ranged Weapons
 - Level 2.1 Dodging
 - Level 0.8 Stealth


You had 6 spell levels left.
You didn't know any spells.
Your spell library was empty.

Inventory:

Hand Weapons
 a - a +0 shortbow (weapon)
Armour
 e - a +0 ring mail (worn)
 h - a +1 cloak (worn)
Jewellery
 d - an amulet of magic regeneration
 q - an amulet of the acrobat (around neck)
 F - a ring of fire
 L - a ring of flight (left hand)
Scrolls
 b - a scroll of butterflies
 c - a scroll of amnesia {unknown}
 f - a scroll of torment
 j - 4 scrolls of identify {unknown}
 k - 2 scrolls of poison {unknown}
 l - a scroll of teleportation {unknown}
 m - a scroll of fear {unknown}
 o - a scroll of vulnerability {unknown}
Potions
 g - a potion of might {unknown}
 i - a potion of heal wounds {unknown}
 n - a potion of resistance {unknown}
 p - a potion of lignification {unknown}
 r - a potion of enlightenment {unknown}

Dungeon Overview and Level Annotations

Branches:
Dungeon (5/15)             Temple (1/1) D:4

Altars:
Dithmenos
Fedhas
Nemelex Xobeh
Qazlal
Ru
Uskayaw
Vehumet
Wu Jian
Yredelemnul
The Shining One

Annotations:
D:5 Menkaure

########
####...[..#
.)......@O#
.###.###..#
...# .##.#
#M .# . ..
.# #. #. .#
# .#


You could see an ogre and Menkaure.


Message History

You shoot an arrow. The arrow hits the kobold.
The kobold is heavily wounded.
The kobold throws a stone.
The stone hits you but does no damage.
You shoot an arrow. The arrow hits the kobold.
You kill the kobold!
Fedhas appreciates your contribution to the ecosystem.
Things that are here:
a +0 short sword; 5 stones You see here 4 stones.
Done exploring.
Done exploring.
There is a stone staircase leading down here.
You fly downwards.
The ogre shouts!
You hear a shout!
Found a battleaxe and a cloak.
There is a stone staircase leading up here.
An ogre is nearby!
You shoot an arrow. The arrow hits the ogre!
The ogre is moderately wounded.
The ogre misses you.
You shoot an arrow. The arrow barely misses the ogre.
You shoot an arrow. The arrow barely misses the ogre.
The ogre hits you with a +0 giant club!!
Menkaure, Prince of Dust comes into view.
Menkaure calls on the powers of darkness!
Your body is wracked with pain!
* * * LOW HITPOINT WARNING * * *
The ogre convulses!
The ogre hits you with a +0 giant club!
You die...
Fedhas appreciates your contribution to the ecosystem.

Skill      XL: |  1  2  3  4  5  6 |
---------------+-------------------+-----
Ranged Weapons | 5 6 7 8 |  8.6
Fighting       | |  2.4
Dodging        | |  2.1
Stealth        | |  0.8

Action                     |  1- 3 |  4- 6 |  7- 9 || total
---------------------------+-------+-------+-------++-------
   Fire: Shortbow          |   155 |   230 |    31 ||   416
Ability: Hop               |       |     3 |       ||     3
    Use: Scroll            |       |     1 |       ||     1
 Armour: Leather armour    |    13 |       |       ||    13
         Ring mail         |    35 |    97 |     9 ||   141
  Dodge: Dodged            |    50 |    95 |     8 ||   153

Levels and vault maps discovered:
D:1:      dpeg_arrival_radiant, layout_rooms, minmay_bisected
D:2:      layout_rooms, basic_altar, uniq_jessica
D:3:      layout_basic, nicolae_dithmenos_shadow_blocks,
          nemelex_dance_club_becter, uniq_natasha
D:4:      layout_rooms, minmay_temple_entry_grid, serial_aquarium,
          aquarium_bridge_island_small [aquarium_subvault_small_open,
          aquarium_subvault_balcony, aquarium_subvault_wall,
          aquarium_subvault_bridge, aquarium_subvault_wall],
          aquarium_bridge_long_separate [aquarium_subvault_window,
          aquarium_subvault_wall, aquarium_subvault_bridge,
          aquarium_subvault_window, aquarium_subvault_window,
          aquarium_subvault_bridge], aquarium_window_fake, aquarium_window_3,
          aquarium_view_2e, aquarium_view_2b, aquarium_pool_2
D:5:      layout_loops_cross, uniq_menkaure
Temple:   hellmonk_temple_of_storms

Notes
Turn   | Place    | Note
-------+----------+-------------------------------------------
     0 | D:1      | Drazool the Barachi Hunter began the quest for the Orb.
     0 | D:1      | Reached XP level 1. HP: 17/17 MP: 1/1
   104 | D:1      | Reached XP level 2. HP: 23/23 MP: 2/2
   138 | D:1      | You fall into a shaft and drop 1 floor!
   263 | D:2      | Reached XP level 3. HP: 28/28 MP: 3/3
   274 | D:1      | Reached skill level 5 in Ranged Weapons
   681 | D:2      | Found a stormy altar of Qazlal.
   779 | D:2      | Noticed Jessica
   898 | D:2      | Killed Jessica
   899 | D:2      | Reached XP level 4. HP: 11/34 MP: 4/4
  1314 | D:3      | Found a sparkling altar of Nemelex Xobeh.
  1355 | D:3      | Reached skill level 6 in Ranged Weapons
  1416 | D:3      | Reached XP level 5. HP: 39/39 MP: 5/5
  1608 | D:3      | Found a shadowy altar of Dithmenos.
  1856 | D:3      | Reached skill level 7 in Ranged Weapons
  2009 | D:3      | Reached XP level 6. HP: 46/46 MP: 6/6
  2183 | D:3      | Noticed Natasha
  2192 | D:3      | Killed Natasha
  2381 | D:4      | Noticed a black bear
  2980 | D:4      | Reached skill level 8 in Ranged Weapons
  3476 | D:3      | Reached XP level 7. HP: 42/51 MP: 7/7
  3715 | D:4      | Found a staircase to the Ecumenical Temple.
  3723 | Temple   | Entered the Ecumenical Temple
  3734 | Temple   | Became a worshipper of Fedhas Madash
  3806 | D:5      | Entered Level 5 of the Dungeon
  3809 | D:5      | Noticed Menkaure
  3810 | D:5      | Slain by an ogre

Vanquished Creatures
  A black bear (D:4)
  A scorpion (D:3)
  A bombardier beetle (D:3)
  3 orc priests
  Jessica (D:2)
  An iguana (D:4)
  Natasha (D:3)
  4 gnolls
  4 adders
  A dart slug (D:4)
  A ribbon worm (D:2)
  16 orcs
  6 ball pythons
  10 endoplasms
  3 giant cockroaches
  9 goblins
  12 hobgoblins
  5 quokkas
  8 bats
  3 frilled lizards
  10 kobolds
  9 rats
110 creatures vanquished.

Table legend: (Time is in decaauts)
 A = Elapsed time spent in this place.
 B = Non-inter-level travel time spent in this place.
 C = Inter-level travel time spent in this place.
 D = Time resting spent in this place.
 E = Time spent auto-exploring this place.
 F = Levels seen in this place.
 G = Mean time per level.
                   A        B        C        D        E       F      G
               +--------+--------+--------+--------+--------+-----+--------+
         Total |   4402 |   3918 |    484 |    494 |   2230 |   6 |  733.7 |
       Dungeon |   4375 |   3916 |    459 |    494 |   2230 |   5 |  875.0 |
        Temple |     26 |      1 |     25 |      0 |      0 |   1 |   26.0 |
               +--------+--------+--------+--------+--------+-----+--------+

Top non-repeatable levels by time:
     D:3: 1834 daAuts
     D:4: 940 daAuts
     D:2: 866 daAuts
     D:1: 729 daAuts
  Temple: 26 daAuts
     D:5: 3 daAuts

Table legend:
 A = Non-vault XP
 B = Vault XP
 C = Vault XP percentage of total XP
 D = Non-vault monster count
 E = Vault monster count
 F = Vault count percentage of total count
                 A         B        C        D         E       F
            +---------+---------+-------+---------+---------+-------
      Total |     697 |      81 |  10.4 |     104 |       6 |   5.5
            +---------+---------+-------+---------+---------+-------
        D:1 |      49 |       4 |   7.5 |      30 |       2 |   6.2
        D:2 |      50 |      37 |  42.5 |      22 |       1 |   4.3
        D:3 |     310 |      40 |  11.4 |      29 |       3 |   9.4
        D:4 |     288 |       0 |   0.0 |      23 |       0 |   0.0
            +---------+---------+-------+---------+---------+-------
